Map: Lightshade LE

Players

Krystianer

  • Race: Protoss Protoss

Denver - Winner!

  • Race: Zerg Zerg

Event: DreamHack SC2 Masters 2021 Winter

VOD

Have the link to the VOD?

Description

Time

  • Played on: Oct. 8, 2021, 9:16 a.m.
  • Length: 9:23

All games in this series

Show
View Real Time Build Order
Export as new Build Order

Krystianer Protoss 

Build Orders: 1 Gate Expand, Oracle Opening 

Get SALT Encoding   

  12  0:00  Probe  
  13  0:12  Probe  
  14  0:18  Pylon  
  14  0:24  Probe (Chrono Boost)  
  15  0:36  Probe (Chrono Boost)  
  15  0:39  Gateway  
  16  0:45  Probe (Chrono Boost)  
  16  0:46  Assimilator  
  17  0:51  Probe  
  18  1:03  Probe  
  19  1:15  Probe  
  20  1:23  Nexus  
  20  1:33  Cybernetics Core  
  20  1:37  Probe  
  21  1:42  Assimilator  
  21  1:49  Probe  
  21  1:52  Pylon  
  22  2:01  Probe  
  23  2:07  Adept (Chrono Boost)  
  23  2:13  Probe  
  26  2:15  Stargate  
  26  2:23  Warp Gate  
  26  2:26  Probe (Chrono Boost)  
  26  2:27  Adept (Chrono Boost)  
  27  2:34  Probe (Chrono Boost)  
  30  2:43  Probe (Chrono Boost)  
  30  2:44  Probe (Chrono Boost)  
  32  2:49  Probe x2 (Chrono Boost)  
  34  2:58  Oracle (Chrono Boost)  
  34  3:01  Probe x2  
  34  3:04  Shield Battery  
  39  3:07  Stalker  
  41  3:13  Probe x2  
  41  3:25  Probe x2  
  43  3:31  Gateway  
  43  3:34  Assimilator  
  41  3:35  Pylon  
  41  3:36  Assimilator  
  41  3:37  Probe  
  41  3:39  Probe  
  43  3:49  Probe  
  43  3:51  Probe, Stargate  
  45  3:55  Void Ray (Chrono Boost)  
  45  4:01  Probe  
  50  4:03  Probe  
  50  4:09  Pylon  
  51  4:13  Probe  
  51  4:15  Probe  
  53  4:29  Pylon  
  53  4:32  Adept  
  53  4:35  Void Ray (Chrono Boost)  
  59  4:38  Probe  
  59  4:39  Void Ray (Chrono Boost)  
  59  4:44  Pylon  
  60  4:48  Adept  
  66  4:56  Probe  
  66  4:57  Pylon  
  66  5:00  Void Ray (Chrono Boost)  
  66  5:06  Nexus  
  70  5:07  Pylon  
  70  5:08  Probe x2  
  70  5:10  Void Ray (Chrono Boost)  
  76  5:23  Probe x2  
  76  5:26  Pylon  
  78  5:32  Protoss Air Weapons Level 1 (Chrono Boost)  
  78  5:35  Probe x2  
  80  5:37  Void Ray (Chrono Boost)  
  80  5:38  Void Ray (Chrono Boost)  
  84  5:47  Probe x2  
  90  5:59  Probe  
  90  6:00  Probe  
  90  6:01  Twilight Council, Forge  
  88  6:05  Shield Battery  
  88  6:06  Void Ray (Chrono Boost)  
  92  6:11  Probe  
  92  6:13  Void Ray (Chrono Boost)  
  92  6:17  Probe  
  94  6:20  Zealot  
  94  6:21  Probe  
  94  6:24  Probe  
  100  6:29  Probe, Charge  
  101  6:33  Probe  
  101  6:35  Assimilator  
  101  6:36  Protoss Ground Weapons Level 1 (Chrono Boost)  
  101  6:39  Assimilator  
  102  6:42  Pylon  
  102  6:44  Probe  
  102  6:45  Probe  
  102  6:46  Probe  
  105  6:53  Void Ray  
  105  6:57  Gateway  
  105  6:58  Gateway  
  105  7:01  Gateway  
  109  7:03  Gateway  
  109  7:04  Gateway  
  109  7:07  Gateway  
  109  7:12  Probe  
  109  7:14  Templar Archives  
  110  7:17  Pylon  
  110  7:18  Zealot x2  
  110  7:21  Shield Battery  
  114  7:33  Probe  
  114  7:34  Probe  
  114  7:35  Probe  
  117  7:38  Nexus  
  117  7:39  Zealot x2, Pylon  
  121  7:45  Probe  
  121  7:46  Probe  
  123  7:54  Zealot x2  
  115  7:58  Zealot x2  
  115  8:01  High Templar x2  
  115  8:02  High Templar x2  
  128  8:05  Probe x2  
  128  8:07  Archon x2  
  128  8:11  Photon Cannon  
  125  8:12  Photon Cannon  
  125  8:15  Zealot x2  
  125  8:19  Zealot  
  125  8:20  Zealot, Probe  
  124  8:30  Probe  
  124  8:34  Zealot x4  
  108  8:36  Zealot  
  108  8:37  Zealot  
  108  8:39  Probe  
  108  8:41  Zealot x2  
  84  8:54  Zealot x4  
  77  8:57  Zealot x2  
  75  9:03  Zealot x2  
  76  9:15  Zealot x3  
Show
View Real Time Build Order
Export as new Build Order

Denver Zerg - Winner!

Build Orders: Hatch First, Roach Hydra 

Get SALT Encoding   

  12  0:00  Drone  
  13  0:12  Overlord  
  13  0:17  Drone  
  14  0:30  Drone x2  
  16  0:47  Hatchery  
  15  0:51  Drone  
  15  0:55  Drone  
  17  0:58  Drone  
  18  1:08  Extractor  
  17  1:13  Spawning Pool  
  17  1:16  Drone  
  17  1:20  Drone  
  18  1:27  Drone  
  19  1:38  Drone  
  20  1:50  Overlord  
  20  2:01  Queen x2  
  20  2:02  Zergling x4  
  26  2:08  Metabolic Boost  
  26  2:10  Drone  
  26  2:12  Drone  
  28  2:22  Drone x2  
  30  2:35  Hatchery  
  29  2:41  Queen  
  31  2:46  Overlord  
  31  2:49  Drone  
  32  2:53  Zergling x2  
  32  2:54  Zergling x2  
  32  2:56  Zergling x2  
  32  2:58  Drone  
  36  3:05  Drone  
  36  3:06  Drone  
  36  3:10  Drone x3  
  41  3:19  Drone x3  
  43  3:20  Overlord  
  42  3:28  Spore Crawler  
  42  3:30  Drone x2  
  43  3:36  Overlord  
  43  3:38  Queen  
  45  3:42  Drone x2  
  45  3:47  Drone x2  
  49  3:49  Drone  
  49  3:52  Drone x2  
  49  3:55  Overlord  
  52  3:58  Overlord  
  52  4:03  Drone, Spore Crawler  
  52  4:07  Overlord  
  52  4:11  Drone x3  
  52  4:15  Evolution Chamber  
  54  4:19  Spore Crawler  
  54  4:21  Drone  
  54  4:22  Drone x2  
  54  4:24  Spore Crawler  
  54  4:27  Drone x5  
  60  4:35  Drone x2, Roach Warren  
  61  4:40  Lair  
  61  4:43  Drone x2  
  63  4:50  Drone x4  
  63  4:52  Extractor  
  65  4:56  Drone  
  65  4:57  Drone x4  
  65  4:58  Drone  
  67  5:02  Extractor  
  67  5:03  Extractor  
  67  5:06  Drone x3  
  68  5:08  Zergling x8  
  68  5:10  Queen  
  74  5:15  Overlord  
  74  5:17  Roach x2  
  78  5:23  Drone x3  
  78  5:25  Overlord  
  78  5:27  Extractor  
  80  5:30  Drone x2  
  80  5:31  Overlord  
  80  5:32  Overlord  
  80  5:34  Queen  
  84  5:37  Drone  
  84  5:38  Drone x3  
  88  5:43  Glial Reconstitution  
  88  5:45  Hydralisk Den  
  88  5:47  Extractor  
  86  5:50  Drone x3  
  87  5:59  Hatchery  
  87  6:00  Evolution Chamber  
  87  6:03  Drone x5  
  89  6:07  Queen  
  89  6:11  Spore Crawler  
  90  6:15  Muscular Augments  
  89  6:19  Hydralisk x4  
  89  6:24  Hydralisk x2  
  101  6:28  Hydralisk x2  
  101  6:36  Hydralisk x4  
  101  6:39  Zerg Missile Weapons Level 1  
  109  6:40  Overlord  
  109  6:48  Hydralisk x2  
  113  6:58  Hydralisk x4  
  122  7:03  Hatchery  
  122  7:08  Overlord x3  
  121  7:14  Overlord  
  120  7:17  Overlord  
  120  7:22  Overlord  
  120  7:26  Grooved Spines, Overlord  
  120  7:27  Hydralisk x7  
  134  7:34  Hydralisk x3  
  140  7:40  Roach x3  
  146  7:49  Hydralisk x3  
  152  8:00  Hatchery  
  152  8:02  Roach x4  
  159  8:09  Roach x2  
  163  8:25  Roach x5  
  151  8:37  Roach x4  
  151  8:38  Queen  
  151  8:41  Queen  
  147  8:48  Roach x3  
  137  8:56  Roach x2  
  137  8:57  Overseer x3  
  137  9:00  Roach  

Tags
 
Add a new tag
Caveats
  • Supply blocks, unpowered buildings, or Contaminate may cause inaccurate times.
  • Supply counts are checked every 10 seconds.